 Dungeon Crawl Stone Soup version 0.31.0-7-gf635a9b802 (webtiles) character file.

Game seed: 17654303865955675539

653 LeprechaunX the Shooter (level 7, -20/79 HPs)
             Began as a Djinni Hunter on Jan 23, 2024.
             Killed by an exploding mummy (22 damage)
             ... ignited by their inner flame
             ... in an ossuary.
             The game lasted 00:10:18 (3530 turns).

LeprechaunX the Shooter (Djinni Hunter)             Turns: 3530, Time: 00:10:18

Health: -20/79     AC: 23    Str: 10    XL:     7   Next: 84%
Gold:   146        EV:  2    Int: 10    God:
                   SH:  0    Dex: 19

rFire   . . .        b - +2 dagger (venom)
rCold   . . .        (no shield)
rNeg    . . .        c - melded +0 leather armour
rPois   ∞            (helmet currently unavailable)
rElec   .            (cloak currently unavailable)
rCorr   .            q - melded +0 pair of gloves
SInv    .            (boots unavailable)
Will    .....        (no amulet)
Stlth   +++          (no ring)
HPRegen 0.33/turn    (no ring)
MPRegen 0.00/turn

%: infuse magic (-21 HP)
@: tree-form, marked, attractive
A: stationary, stasis, torment immunity, boosted hp, sickness immunity, (fire
resistance 2), (cold vulnerability 1), float, innate caster, HP casting, extra
vitality 1
a: no special abilities


You were in an ossuary.
You were a tree.
You visited 1 branch of the dungeon, and saw 4 of its levels.
You also visited: Sewer and Ossuary.

You collected 146 gold pieces.

Inventory:

Hand Weapons
 a - a +0 shortbow
 b - a +2 dagger of venom (weapon)
Armour
 c - a +0 leather armour (melded)
 q - a +0 pair of gloves (melded)
Scrolls
 d - 2 scrolls of fear {unknown}
 f - a scroll of blinking {unknown}
 h - 3 scrolls of revelation {unknown}
 i - 6 scrolls of teleportation
 j - a scroll of butterflies
 k - a scroll of noise {unknown}
 m - a scroll of vulnerability {unknown}
 s - 2 scrolls of identify {unknown}
 u - a scroll of amnesia {unknown}
 v - a scroll of silence {unknown}
Potions
 e - a potion of lignification
 g - a potion of attraction
 l - a potion of invisibility {unknown}
 n - a potion of magic {unknown}
 o - a potion of mutation {unknown}
 r - 3 potions of enlightenment
 t - a potion of curing {unknown}


   Skills:
 + Level 4.5 Fighting
 - Level 2.1 Short Blades
 + Level 4.8 Ranged Weapons
 - Level 3.0 Dodging
 - Level 3.0 Stealth
 + Level 1.4 Spellcasting
 + Level 1.4 Conjurations
 + Level 1.4 Hexes
   Level 0.0 Charms
 + Level 1.4 Summonings
 + Level 1.4 Necromancy
 + Level 1.4 Translocations
   Level 0.0 Transmutations
 + Level 1.4 Fire Magic
 + Level 1.4 Ice Magic
 + Level 1.4 Air Magic
 + Level 1.4 Earth Magic
 + Level 1.4 Alchemy


You knew the following spells:

 Your Spells              Type           Power      Damage    Failure   Level
a - Sting                 Conj/Alch      12%        1d3       19%         1
b - Ensorcelled Hibernat  Hex/Ice        6%         N/A       28%         2
c - Teleport Other        Tloc           3%         N/A       50%         3
Your spell library was empty.

Dungeon Overview and Level Annotations

Branches:
Dungeon (4/15)              Sewer (visited)         Ossuary (1/1)
 Temple: D:4-7

Altars:
Hepliaklqana
Makhleb
Trog

Annotations:
D:3 2 transporters


Innate Abilities, Weirdness & Mutations

You are a tree.
Your roots penetrate the ground, keeping you stationary.
You cannot be teleported.
You are immune to unholy pain and torment.
Your maximum health is greatly increased.
Your equipment is partially melded.
You are immune to sickness and miasma.
You are immune to poison.
((Your flesh is very heat resistant. (rF++)))
((You are vulnerable to cold. (rC-)))
You float through the air rather than walking.
You learn spells naturally, not from books.
Your magical power is your life essence.
You have superior vitality. (+4 MHP)


Message History

The centaur zombie hits you but does no damage.
The centaur zombie kicks you but does no damage.
Unknown command.
You hit the centaur zombie but do no damage.
The centaur zombie is heavily damaged.
The centaur zombie hits you but does no damage.
The centaur zombie kicks you but does no damage.
The centaur zombie hits you but does no damage.
The centaur zombie kicks you but does no damage.
You hit the centaur zombie.
Flame seeps out of the centaur zombie.
The centaur zombie is severely damaged.
The centaur zombie is engulfed in blazing flames.
Flame seeps out of the centaur zombie.
The centaur zombie hits you but does no damage.
The centaur zombie kicks you but does no damage.
The centaur zombie hits you but does no damage.
The centaur zombie kicks you but does no damage.
The mummy hits you.
* * * LOW HITPOINT WARNING * * *
You hit the centaur zombie.
The centaur zombie explodes!
The fiery explosion engulfs the crocodile zombie!!
Flame seeps out of the crocodile zombie.
The crocodile zombie is heavily damaged.
The fiery explosion engulfs the crocodile zombie!!
Flame seeps out of the crocodile zombie.
The crocodile zombie is severely damaged.
The fiery explosion engulfs the mummy!!!
The mummy is burned terribly!
The fiery explosion engulfs you!
* * * LOW HITPOINT WARNING * * *
The fiery explosion engulfs the centaur zombie!!
Flame seeps out of the centaur zombie.
The centaur zombie is almost destroyed.
The fiery explosion engulfs the mummy!!!!
The mummy is burned terribly!
The mummy explodes!
The fiery explosion engulfs the crocodile zombie!!!
The fiery explosion engulfs the gnoll zombie!!
The fiery explosion engulfs you!!
You die...

#.......#
##.....##
#.......#
##.....##
#.......#
##^...Z##
#....ZZ.#
##...ZZ##
#...Z§○♣#
##...§§##
#..^.§§M#
##....^##
#...^^#
#!.....?
#!.....?#
#?.....!


You could see 2 crocodile zombies, a gnoll zombie (inner flame), a kobold zombie
(inner flame) and 2 centaur zombies.

Vanquished Creatures
  An ogre (D:4)
  2 crocodiles (Sewer)
  A scorpion (D:4)
  A centaur zombie (Ossuary)
  A hound (D:4)
  A sleepcap (D:4)
  2 orc wizards
  A sickly merfolk siren (Sewer)
  A malarious merfolk avatar (Sewer)
  A crocodile zombie (Ossuary)
  2 mummies (Ossuary)
  A river rat (Sewer)
  5 adders
  3 dart slugs
  12 orcs
  12 ball pythons
  8 endoplasms
  6 giant cockroaches
  7 goblins
  4 hobgoblins
  4 jackals (D:3)
  5 kobolds
  9 quokkas
  4 bats
  4 frilled lizards
  A gnoll zombie (Ossuary)
  32 rats
131 creatures vanquished.

Notes
Turn   | Place    | Note
-------+----------+-------------------------------------------
     0 | D:1      | LeprechaunX the Djinni Hunter began the quest for the Orb.
     0 | D:1      | Reached XP level 1. HP: 18/18 MP: 0/0
   116 | D:1      | Reached skill level 1 in Stealth
   134 | D:1      | Reached XP level 2. HP: 23/23 MP: 0/0
  1032 | D:2      | Reached XP level 3. HP: 29/29 MP: 0/0
  1032 | D:2      | Learned a level 1 spell: Sting
  1749 | D:3      | Reached XP level 4. HP: 32/34 MP: 0/0
  1777 | D:3      | Found a faded altar of an unknown god.
  1880 | D:3      | Found a glowing drain.
  1903 | Sewer    | Entered a sewer
  1988 | Sewer    | Reached XP level 5. HP: 40/40 MP: 0/0
  1988 | Sewer    | Learned a level 2 spell: Ensorcelled Hibernation
  1994 | Sewer    | Reached skill level 1 in Short Blades
  2090 | Sewer    | Noticed a crocodile
  2107 | Sewer    | Killed a crocodile
  2108 | Sewer    | Reached XP level 6. HP: 13/46 MP: 0/0
  2309 | Sewer    | Noticed a crocodile
  2332 | Sewer    | Killed a crocodile
  2497 | D:3      | Found a burning altar of Makhleb.
  2520 | D:3      | Reached XP level 7. HP: 43/51 MP: 0/0
  2520 | D:3      | Learned a level 3 spell: Teleport Other
  2718 | D:3      | Found a transporter.
  2780 | D:3      | Found a transporter.
  2885 | D:3      | Found a hazy altar of Hepliaklqana.
  2885 | D:3      | Found a bloodstained altar of Trog.
  3070 | D:4      | Found a sand-covered staircase.
  3196 | D:4      | Reached skill level 1 in Spellcasting
  3196 | D:4      | Reached skill level 1 in Conjurations
  3196 | D:4      | Reached skill level 1 in Hexes
  3196 | D:4      | Reached skill level 1 in Summonings
  3196 | D:4      | Reached skill level 1 in Necromancy
  3196 | D:4      | Reached skill level 1 in Translocations
  3196 | D:4      | Reached skill level 1 in Fire Magic
  3196 | D:4      | Reached skill level 1 in Ice Magic
  3196 | D:4      | Reached skill level 1 in Air Magic
  3196 | D:4      | Reached skill level 1 in Earth Magic
  3196 | D:4      | Reached skill level 1 in Alchemy
  3484 | Ossuary  | Entered an ossuary
  3530 | Ossuary  | HP: 2/79 [spore (16)]
  3530 | Ossuary  | Killed by an exploding mummy... ignited by their inner
                  | flame

Illustrated notes

Levels and vault maps discovered:
D:1:      dpeg_arrival_simpleton_b, layout_basic, serial_forest,
          infiniplex_forest_lined_2, infiniplex_forest_end_3,
          infiniplex_forest_zigzag_2, infiniplex_forest_straight_2,
          infiniplex_forest_straight_3, infiniplex_forest_lined_room_2,
          infiniplex_forest_end_1, infiniplex_forest_clump_tiny
D:2:      layout_basic
D:3:      layout_basic, bloody_makhleb, mainiacjoe_overflow_divided_tiny,
          gammafunk_ghost_mausoleum, gup_sewer_entry_pipe,
          hellmonk_ecumenical_altar_blasted
D:4:      layout_basic, nicolae_ossuary_entry_plus
Ossuary:  ossuary_the_hunt_dpeg

Skill      XL: |  1  2  3  4  5  6  7 |
---------------+----------------------+-----
Stealth        | 1 2 3 |  3.0
Dodging        | 3 |  3.0
Short Blades   | 1 2 |  2.1
Fighting       | 3 4 |  4.5
Ranged Weapons | 4 |  4.8
Spellcasting   | 1 |  1.4
Conjurations   | 1 |  1.4
Hexes          | 1 |  1.4
Summonings     | 1 |  1.4
Necromancy     | 1 |  1.4
Translocations | 1 |  1.4
Fire Magic     | 1 |  1.4
Ice Magic      | 1 |  1.4
Air Magic      | 1 |  1.4
Earth Magic    | 1 |  1.4
Alchemy        | 1 |  1.4

Action                     |  1- 3 |  4- 6 |  7- 9 || total
---------------------------+-------+-------+-------++-------
  Melee: Dagger            |     5 |    84 |    71 ||   160
         Punch             |     1 |       |     1 ||     2
   Fire: Shortbow          |    76 |    97 |    84 ||   257
    Use: Potion            |       |       |     2 ||     2
         Scroll            |       |       |     1 ||     1
   Stab: Distracted        |       |     1 |       ||     1
 Armour: Leather armour    |    20 |    39 |    63 ||   122
         Skin              |       |       |   119 ||   119
  Dodge: Dodged            |    19 |    55 |    56 ||   130
